 Dungeon Sprint DCSS version 0.29-a0-320-g9f8742066b (webtiles) character file.

Game seed: 1737571653037620050

163 mhtbhm the Skirmisher (level 5, 0/53 HPs)
             Began as a Minotaur Fighter on Apr 2, 2022.
             Slain by an iguana (10 damage)
             ... in the Dungeon (Sprint IX: "|||||||||||||||||||||||||||||").
             The game lasted 00:00:11 (96 turns).

mhtbhm the Skirmisher (Minotaur Fighter)              Turns: 96, Time: 00:00:12

Health: 0/53       AC:  8    Str: 22    XL:     5   Next: 20%
Magic:  4/4        EV:  9    Int:  5    God:
Gold:   0          SH:  5    Dex: 10    Spells: 4/4 levels left

rFire   . . .      SeeInvis .   a - +0 long sword
rCold   . . .      Faith    .   c - +0 buckler
rNeg    . . .      Spirit   .   b - +0 scale mail
rPois   .          Reflect  .   (helmet restricted)
rElec   .          Harm     .   (no cloak)
rCorr   .          Rampage  .   (no gloves)
Will    .....      NoTele   +   (no boots)
Stlth   ..........              (no amulet)
HPRegen 0.17/turn               (no ring)
MPRegen 0.09/turn               (no ring)

@: on berserk cooldown, slowed, very slow
A: horns 2, retaliatory headbutt
a: no special abilities


You were in the Dungeon.
You visited 1 branch

Inventory:

Hand Weapons
 a - a +0 long sword (weapon)
Armour
 b - a +0 scale mail (worn)
 c - a +0 buckler (worn)
Scrolls
 j - a scroll of blinking
Potions
 d - a potion of might
 e - a potion of curing
 f - a potion of heal wounds
 g - a potion of haste
 h - 2 potions of magic


   Skills:
 + Level 7.7 Fighting
 + Level 6.3 Long Blades
 + Level 7.3 Armour
 + Level 7.2 Shields


You had 4 spell levels left.
You didn't know any spells.
Your spell library was empty.

Dungeon Overview and Level Annotations

Branches:
Dungeon (1/1)

Altars:


Innate Abilities, Weirdness & Mutations

You have a pair of horns on your head.
You reflexively headbutt those who attack you in melee.


Message History

You have reached level 4!
You feel agile.
You slash the jelly!
Your hands burn!
The jelly is heavily wounded.
The jelly hits you.
You are splashed with acid!
Unknown command.
You hit the jelly.
Your hands burn!
The jelly is severely wounded.
The jelly hits you.
You are splashed with acid.
You slash the jelly!
You kill the jelly!
Your Long Blades skill increases to level 6!
Your Armour skill increases to level 7!
Your Shields skill increases to level 7!
You have reached level 5!
You closely miss the ufetubus. Your headbutt misses the ufetubus.
You block the ufetubus's attack. The ufetubus barely misses you.
Unknown command.
You hit the ufetubus.
The ufetubus is heavily wounded.
You are no longer berserk.
You are exhausted.
You feel yourself slow down. The ufetubus barely misses you.
You block the ufetubus's attack.
Unknown command.
You hit the ufetubus.
You kill the ufetubus!
Unknown command.
You closely miss the iguana. The iguana bites you. x2
* * * LOW HITPOINT WARNING * * *
You hit the iguana but do no damage. The iguana barely misses you.
You furiously retaliate!
You headbutt the iguana! The iguana bites you.
* * * LOW HITPOINT WARNING * * *
You hit the iguana.
The iguana is severely wounded.
The iguana barely misses you.
You hit the iguana but do no damage. Your headbutt misses the iguana.
The iguana is severely wounded.
The iguana bites you!
You die...

▓+▓
▓.▓
▓.▓
▓.▓
▓.▓
▓.▓
▓l▓
▓@▓
▓.▓
▓.▓
▓.▓
▓†▓
▓†▓
▓.▓
▓.▓
▓.▓


You could see an iguana.

Vanquished Creatures
  An ice beast (D)
  An orc priest (D)
  A jelly (D)
  An ufetubus (D)
  A giant cockroach (D)
  A hobgoblin (D)
  A quokka (D)
  A frilled lizard (D)
  A rat (D)
9 creatures vanquished.

Notes
Turn   | Place    | Note
-------+----------+-------------------------------------------
     0 | D        | mhtbhm the Minotaur Fighter began the quest for the Orb.
     0 | D        | Reached XP level 1. HP: 19/19 MP: 0/0
    77 | D        | Noticed an iguana
    77 | D        | Noticed a jelly
    77 | D        | Noticed an ice beast
    77 | D        | Noticed an orc priest
    81 | D        | Killed an orc priest
    82 | D        | Reached skill level 5 in Fighting
    82 | D        | Reached skill level 5 in Armour
    82 | D        | Reached skill level 5 in Shields
    82 | D        | Reached XP level 2. HP: 29/29 MP: 1/1
    82 | D        | Reached XP level 3. HP: 36/36 MP: 2/2
    86 | D        | Killed an ice beast
    87 | D        | Reached skill level 5 in Long Blades
    87 | D        | Reached XP level 4. HP: 47/47 MP: 3/3
    90 | D        | Reached XP level 5. HP: 34/53 MP: 4/4
    96 | D        | Slain by an iguana

Illustrated notes

Levels and vault maps discovered:
D:        linesprint [early_d, line_temple, items_1, d_10, items_2, lair_1,
          lair_end, items_3, orc_1, orc_end, items_4, d_15, swamp_1, shoals_1,
          snake_1, spider_1, d_20, vaults_1, items_5, swamp_end, shoals_end,
          snake_end, spider_end, vaults_end, d_27, items_6, zot_1, zot_end,
          crypt_end, forest_end, elf_end, slime_end, tomb_end, abyss_end,
          pan_hell_end]

Skill      XL: |  1  2  3  4 |
---------------+-------------+-----
Fighting       | 5 7 |  7.7
Armour         | 5 6 7 |  7.3
Shields        | 5 6 7 |  7.2
Long Blades    | 3 5 6 |  6.3

Action                   |  1- 3 |  4- 6 || total
-------------------------+-------+-------++-------
Melee: Long sword        |    18 |    10 ||    28
       Headbutt          |     2 |       ||     2
  Use: Potion            |     1 |       ||     1
Armor: Scale mail        |     5 |       ||     5
Dodge: Dodged            |     8 |     4 ||    12
Block: Buckler           |     2 |     2 ||     4

Table legend: (Time is in decaauts)
 A = Elapsed time spent in this place.
 B = Non-inter-level travel time spent in this place.
 C = Inter-level travel time spent in this place.
 D = Time resting spent in this place.
 E = Time spent auto-exploring this place.
 F = Levels seen in this place.
 G = Mean time per level.
                   A        B        C        D        E       F      G
               +--------+--------+--------+--------+--------+-----+--------+
         Total |     99 |     99 |      0 |     58 |      3 |   1 |   99.0 |
       Dungeon |     99 |     99 |      0 |     58 |      3 |   1 |   99.0 |
               +--------+--------+--------+--------+--------+-----+--------+

Top non-repeatable levels by time:
       D: 99 daAuts
